 Dungeon Crawl Stone Soup version 0.30-a0-374-g95c0257040 (webtiles) character file.

Game seed: 135274294231664925

454 Elric the Magician (level 6, -7/32 HPs)
             Began as a Deep Elf Fire Elementalist on Nov 25, 2022.
             Was an Initiate of Dithmenos.
             Mangled by Edmund
             ... wielding a +0 dire flail of protection
              (17 damage)
             ... on level 5 of the Dungeon.
             The game lasted 00:04:47 (4717 turns).

Elric the Magician (Deep Elf Fire Elementalist)     Turns: 4717, Time: 00:04:49

Health: -7/32      AC:  9    Str:  5    XL:     6   Next: 76%
Magic:  7/16       EV: 12    Int: 22    God:    Dithmenos [......]
Gold:   262        SH:  0    Dex: 15    Spells: 13/16 levels left

rFire   + . .      SeeInvis .    n - +2 hand axe (freeze)
rCold   . . .      Faith    .    (no shield)
rNeg    . . .      Spirit   .    u - +0 troll leather armour {Pargi}
rPois   .          Reflect  .    (no helmet)
rElec   .          Harm     .    (no cloak)
rCorr   .          Rampage  .    (no gloves)
Will    .....                    z - +0 pair of boots
Stlth   ++........               (no amulet)
HPRegen 1.05/turn                o - +4 ring of protection
MPRegen 0.15/turn                v - ring of protection from fire

@: no status effects
A: no striking features
a: Renounce Religion


You were on level 5 of the Dungeon.
You worshipped Dithmenos.
Dithmenos was noncommittal.
You visited 1 branch of the dungeon, and saw 5 of its levels.
You also visited: Sewer.

You collected 262 gold pieces.

Inventory:

Hand Weapons
 n - a +2 hand axe of freezing (weapon)
Missiles
 l - 4 atropa-tipped darts
Armour
 u - a +0 troll leather armour (worn) {Pargi}
 z - a +0 pair of boots (worn)
Jewellery
 o - a +4 ring of protection (left hand)
 v - a ring of protection from fire (right hand)
 w - a +6 ring of intelligence
Scrolls
 e - a scroll of torment {unknown}
 g - 4 scrolls of identify {unknown}
 h - 3 scrolls of enchant armour {unknown}
 i - 3 scrolls of teleportation {unknown}
 j - 2 scrolls of vulnerability {unknown}
 y - 2 scrolls of amnesia {unknown}
Potions
 b - a potion of magic
 c - a potion of mutation {unknown}
 d - 2 potions of curing {unknown}
 f - a potion of flight {unknown}
 m - a potion of ambrosia {unknown}
 q - 2 potions of heal wounds {unknown}
 r - a potion of might
 s - a potion of resistance
 t - a potion of lignification {unknown}
 x - a potion of cancellation {unknown}


   Skills:
 - Level 3.0 Dodging
 - Level 3.0 Stealth
 + Level 5.9 Spellcasting
 + Level 4.3 Conjurations
 + Level 5.4 Fire Magic


You had 13 spell levels left.
You knew the following spells:

 Your Spells              Type           Power      Damage    Failure   Level
a - Foxfire               Conj/Fire      100%       2x1d9     1%          1
b - Scorch                Fire           60%        2d8       2%          2

Your spell library contained the following spells:

 Spells                   Type           Power      Damage    Failure   Level
 Magic Dart               Conj           100%       1d8       2%          1
 Inner Flame              Hex/Fire       18%        N/A       16%         3
 Flame Wave               Conj/Fire      27%        2d9       21%         4
 Kindle Blastsparks       Fire/Tloc/Air  28%        2d12      22%         3
 Call Imp                 Summ           6%         N/A       24%         2
 Mephitic Cloud           Conj/Pois/Air  12%        N/A       26%         3


Dungeon Overview and Level Annotations

Branches:
Dungeon (5/15)             Temple (0/1) D:4           Sewer (visited)

Altars:
Dithmenos
Kikubaaqudgha

Shops:
D:1 *

Annotations:
D:5 Edmund


Message History

Casting: Foxfire (safe; 1% risk of failure)
Confirm with . or Enter, or press ? or * to list all spells.
You can't see any susceptible monsters within range! (Use Z to cast anyway.)
Casting: Foxfire (safe; 1% risk of failure)
Confirm with . or Enter, or press ? or * to list all spells.
You conjure some foxfire!
A quokka comes into view.
The foxfire hits Edmund.
Edmund is lightly wounded.
Casting: Foxfire (safe; 1% risk of failure)
Confirm with . or Enter, or press ? or * to list all spells.
You conjure some foxfire!
The foxfire hits Edmund.
Edmund is lightly wounded.
Casting: Foxfire (safe; 1% risk of failure)
Confirm with . or Enter, or press ? or * to list all spells.
Flames lash Edmund but do no damage.
Edmund hits you with a +0 dire flail of protection.
Your foxfire dissipates!
Casting: Scorch (safe; 2% risk of failure)
Confirm with . or Enter, or press ? or * to list all spells.
Flames lash Edmund.
Edmund is moderately wounded.
Edmund's fire resistance burns away.
Edmund barely misses you.
Edmund drinks a potion.
Edmund seems to grow stronger.
Casting: Scorch (safe; 2% risk of failure)
Confirm with . or Enter, or press ? or * to list all spells.
Flames lash Edmund.
Edmund is burned terribly!
Edmund is severely wounded.
Edmund hits you with a +0 dire flail of protection!
Edmund hits you with a +0 dire flail of protection!
* * * LOW HITPOINT WARNING * * *
Casting: Scorch (safe; 2% risk of failure)
Confirm with . or Enter, or press ? or * to list all spells.
Flames lash the quokka.
You kill the quokka!
Dithmenos accepts your kill.
Edmund hits you with a +0 dire flail of protection!
Ouch! That really hurt!
You die... ##################. #<........@@†...... ##################.

You could see Edmund (strong, combustible).

Vanquished Creatures
  Pargi (Sewer)
  A scorpion (D:4)
  A jelly (D:4)
  A hound (D:4)
  Natasha (thrice) (D:2)
  An iguana (D:4)
  An orc wizard (D:4)
  4 adders
  A river rat (D:3)
  3 dart slugs
  2 worms
  6 orcs (D:4)
  A ball python (D:4)
  9 endoplasms
  3 giant cockroaches
  5 goblins
  2 hobgoblins
  7 jackals
  2 quokkas
  A bat (D:1)
  4 kobolds
  9 rats
68 creatures vanquished.

Vanquished Creatures (others)
  343 foxfires
343 creatures vanquished.

Grand Total: 411 creatures vanquished

Notes
Turn   | Place    | Note
-------+----------+-------------------------------------------
     0 | D:1      | Elric the Deep Elf Fire Elementalist began the quest for
                  | the Orb.
     0 | D:1      | Reached XP level 1. HP: 10/10 MP: 6/6
   645 | D:1      | Found a faded altar of an unknown god.
   698 | D:1      | Reached XP level 2. HP: 15/15 MP: 5/8
  1171 | D:1      | Found Omiynig's General Store.
  1679 | D:1      | Learned a level 2 spell: Scorch
  1863 | D:2      | Reached XP level 3. HP: 19/19 MP: 6/9
  2196 | D:2      | Noticed Natasha
  2200 | D:2      | Killed Natasha
  2226 | D:2      | Noticed Natasha
  2234 | D:2      | Killed Natasha
  2235 | D:2      | Reached XP level 4. HP: 19/24 MP: 6/12
  2363 | D:2      | Noticed Natasha
  2369 | D:2      | Killed Natasha
  2684 | D:3      | Reached XP level 5. HP: 20/28 MP: 9/13
  2778 | D:3      | Found a glowing drain.
  2789 | Sewer    | Entered a sewer
  2936 | Sewer    | Noticed Pargi
  2948 | Sewer    | Killed Pargi
  2949 | Sewer    | Reached skill level 5 in Spellcasting
  3419 | D:3      | You fall into a shaft and drop 1 floor!
  3570 | D:4      | Reached XP level 6. HP: 32/32 MP: 10/15
  3626 | D:4      | Found a shadowy altar of Dithmenos.
  3653 | D:4      | Became a worshipper of Dithmenos the Shadowed
  3694 | D:4      | Found a staircase to the Ecumenical Temple.
  3729 | D:4      | Reached skill level 5 in Fire Magic
  3919 | D:4      | Found an ancient bone altar of Kikubaaqudgha.
  4695 | D:5      | Entered Level 5 of the Dungeon
  4705 | D:5      | Noticed Edmund
  4717 | D:5      | Mangled by Edmund

Illustrated notes

Levels and vault maps discovered:
D:1:      nicolae_arrival_somewhat_less_tricky_arrival, layout_basic,
          serial_shops, shop, nicolae_ecumenical_lake_church, bh_walls_and_bars
D:2:      layout_rooms, chequers_mini_garden, grunt_decor_arrowhead,
          hangedman_abyss_or_decor_stabs, uniq_natasha
D:3:      layout_loops_corners, portal_sewer_entry_e
D:4:      layout_basic, nicolae_overflow_hidden_temple,
          grunt_dithmenos_smoke_and_mirrors, minmay_temple_entry_purple_smoke,
          chequers_jeans, hangedman_feature_mirror,
          hangedman_abyss_or_decor_passed, grunt_ministairs_6
D:5:      layout_basic, mainiacjoe_overflow_concentric_impassable,
          gammafunk_temple_overflow_elements, mainiacjoe_overflow_cross_hatched,
          minmay_starry_boxes, uniq_edmund

Skill      XL: |  1  2  3  4  5  6 |
---------------+-------------------+-----
Stealth        | 3 |  3.0
Dodging        | 3 |  3.0
Conjurations   | 2 3 4 |  4.3
Spellcasting   | 4 5 |  5.9
Fire Magic     | 4 5 |  5.4

Action                   |  1- 3 |  4- 6 || total
-------------------------+-------+-------++-------
Melee: Hand axe          |       |     5 ||     5
 Cast: Foxfire           |    94 |   113 ||   207
       Scorch            |       |    11 ||    11
Armor: Robe              |     1 |     1 ||     2
       Troll leather arm |       |    19 ||    19
Dodge: Dodged            |     7 |    27 ||    34

Table legend: (Time is in decaauts)
 A = Elapsed time spent in this place.
 B = Non-inter-level travel time spent in this place.
 C = Inter-level travel time spent in this place.
 D = Time resting spent in this place.
 E = Time spent auto-exploring this place.
 F = Levels seen in this place.
 G = Mean time per level.
                   A        B        C        D        E       F      G
               +--------+--------+--------+--------+--------+-----+--------+
         Total |   4731 |   4495 |    236 |     91 |   3755 |   6 |  788.5 |
       Dungeon |   4454 |   4218 |    236 |      0 |   3624 |   5 |  890.8 |
         Sewer |    277 |    277 |      0 |     91 |    131 |   1 |  277.0 |
               +--------+--------+--------+--------+--------+-----+--------+

Top non-repeatable levels by time:
     D:1: 1701 daAuts
     D:4: 1277 daAuts
     D:3: 735 daAuts
     D:2: 718 daAuts
   Sewer: 277 daAuts
     D:5: 21 daAuts
